 Seeded DCSS version 0.31-a0-236-g9a0961fb85 (webtiles) character file.

Game seed: 11330284121249248176 (custom seed)

11 innerfire43 the Trooper (level 2, -3/24 HPs)
             Began as a Demonspawn Monk on July 10, 2023.
             Slain by a worm (5 damage)
             ... on level 2 of the Dungeon.
             The game lasted 00:00:44 (712 turns).

innerfire43 the Trooper (Demonspawn Monk)            Turns: 712, Time: 00:00:45

Health: -3/24      AC:  5    Str: 11    XL:     2   Next: 17%
Magic:  2/2        EV: 10    Int: 11    God:
Gold:   42         SH:  0    Dex: 15    Spells: 1/1 levels left

rFire   . . .        a - +0 falchion
rCold   . . .        d - orb {light}
rNeg    . . .        b - +0 robe
rPois   +            (no helmet)
rElec   .            o - +0 cloak
rCorr   .            (no gloves)
SInv    .            (no boots)
Will    +....        (no amulet)
Stlth   +            m - ring of poison resistance
HPRegen 0.24/turn    (no ring)
MPRegen 0.08/turn

%: no passive effects
@: enlightened, flying, glowing, constricted, invisible (but backlit and
visible)
A: slimy green scales 1
a: no special abilities


You were on level 2 of the Dungeon.
You visited 1 branch of the dungeon, and saw 2 of its levels.

You collected 42 gold pieces.

Inventory:

Hand Weapons
 a - a +0 falchion (weapon)
Armour
 b - a +0 robe (worn)
 d - an orb of light (worn)
 o - a +0 cloak (worn)
Jewellery
 m - a ring of poison resistance (left hand)
Scrolls
 e - a scroll of revelation {unknown}
 h - a scroll of identify {unknown}
 k - a scroll of fear {unknown}
 l - a scroll of teleportation {unknown}
Potions
 c - a potion of ambrosia
 f - a potion of resistance {unknown}
 g - a potion of berserk rage {unknown}


   Skills:
 + Level 3.1 Fighting
 * Level 2.9 Long Blades
 * Level 0.7 Armour
 + Level 2.8 Dodging


You had one spell level left.
You didn't know any spells.
Your spell library was empty.

Dungeon Overview and Level Annotations

Branches:
Dungeon (2/15)

Altars:


Innate Abilities, Weirdness & Mutations

You are partially covered in slimy green scales. (AC +2)


Message History

The worm barely misses you.
There are monsters nearby!
You hit the worm.
The worm is heavily wounded.
The worm completely misses you.
There are monsters nearby!
You hit the worm.
The worm is heavily wounded.
The ball python barely misses you. The ball python closely misses you.
There are monsters nearby!
You hit the worm.
The worm is severely wounded.
The ball python bites you but does no damage.
The ball python grabs you. The ball python constricts you. The worm bites you!
The ball python bites you but does no damage.
The ball python constricts you.
There are monsters nearby!
You are too injured to fight recklessly!
There are monsters nearby!
You are too injured to fight recklessly!
You are too injured to fight recklessly!
You escape the ball python's grasp.
The worm bites you!
* * * LOW HITPOINT WARNING * * *
The ball python bites you.
* * * LOW HITPOINT WARNING * * *
The ball python grabs you. The ball python constricts you.
It was a potion of invisibility.
You become transparent, but the glow from your halo prevents you from becoming completely invisible.
The ball python bites you but does no damage.
The ball python constricts you.
It was a potion of enlightenment.
You feel very buoyant.
You fly up into the air.
The worm closely misses you. The ball python bites you.
* * * LOW HITPOINT WARNING * * *
The ball python constricts you.
* * * LOW HITPOINT WARNING * * *
It was a potion of magic.
Magic courses through your body. The ball python misses you.
The ball python constricts you. The worm bites you.
You die...

..#####.....##
#............#
#....#.......#
#.....|......#
.....#.....#####
#
...#.....$...#.##
#..............
#.....?.w..(...
#<.....@S.....#
##......####...
##.)...# .
#...#.# #..##.#
.......#
...###### #.# #.


You could see a worm and a ball python.

Vanquished Creatures
  2 bats (D:1)
  An endoplasm (D:2)
  2 goblins
  3 quokkas (D:1)
  A kobold (D:1)
  A rat (D:1)
10 creatures vanquished.

Notes
Turn   | Place    | Note
-------+----------+-------------------------------------------
     0 | D:1      | innerfire43 the Demonspawn Monk began the quest for the
                  | Orb.
     0 | D:1      | Reached XP level 1. HP: 18/18 MP: 1/1
   359 | D:1      | Gained mutation: You are partially covered in slimy green
                  | scales. (AC +2) [demonic ancestry]
   359 | D:1      | Reached XP level 2. HP: 24/24 MP: 2/2
   494 | D:1      | Found a faded altar of an unknown god.
   712 | D:2      | Slain by a worm

Illustrated notes

Levels and vault maps discovered:
D:1:      dpeg_arrival_rooms_a, layout_loops_ring,
          dreamdust_ecumenical_altar_angels_and_demons, minmay_fountain_box
D:2:      layout_rooms, basic_altar, dk_vineyard_3

Action                     || total
---------------------------++-------
  Melee: Falchion          ||    33
    Use: Potion            ||     3
 Armour: Robe              ||     7
  Dodge: Dodged            ||    27

Table legend: (Time is in decaauts)
 A = Elapsed time spent in this place.
 B = Non-inter-level travel time spent in this place.
 C = Inter-level travel time spent in this place.
 D = Time resting spent in this place.
 E = Time spent auto-exploring this place.
 F = Levels seen in this place.
 G = Mean time per level.
                   A        B        C        D        E       F      G
               +--------+--------+--------+--------+--------+-----+--------+
         Total |    716 |    688 |     28 |      0 |    581 |   2 |  358.0 |
       Dungeon |    716 |    688 |     28 |      0 |    581 |   2 |  358.0 |
               +--------+--------+--------+--------+--------+-----+--------+

Top non-repeatable levels by time:
     D:1: 693 daAuts
     D:2: 22 daAuts
